 Dungeon Crawl Stone Soup version 0.18.1-8-gdd0e5ea (webtiles) character file.

1570 Scarto the Skirmisher (level 8, -2/63 HPs)
             Began as a Demonspawn Fighter on May 25, 2016.
             Slain by sveltemanboy's ghost (9 damage)
             ... on level 5 of the Dungeon on May 26, 2016.
             The game lasted 00:12:21 (5542 turns).

Scarto the Skirmisher (Demonspawn Fighter)          Turns: 5542, Time: 00:12:21

Health: -2/63      AC: 13    Str: 18    XL:     8   Next: 59%
Magic:  8/8        EV:  7    Int:  9    God:
Gold:   304        SH: 10    Dex: 20    Spells: 0 memorised, 7 levels left

rFire  + . .     SeeInvis .     u - +5 hand axe "Tarhahua" {flame, rF+ rC++}
rCold  + + +     Gourm    .     m - +1 plate armour
rNeg   . . .     Faith    .     c - +0 shield
rPois  .         Spirit   .     (no helmet)
rElec  .         Dismiss  .     (no cloak)
rCorr  .         Reflect  .     (no gloves)
SustAt .         Harm     .     (no boots)
MR     .....                    (no amulet)
Stlth  ..........               (no ring)
                                h - +1 ring of evasion

@: lethally poisoned (-2 -> -4), not resistant to hostile enchantments,
extremely unstealthy
A: hooves 1, thin skeletal structure 3, cold resistance 1, freezing cloud
immunity
a: no special abilities


You were on level 5 of the Dungeon.
You were near starving.

You visited 1 branch of the dungeon, and saw 5 of its levels.

You collected 304 gold pieces.

Inventory:

Hand Weapons
 a - a +1 war axe
 u - the +5 hand axe "Tarhahua" (weapon) {flame, rF+ rC++}
   (You found it on level 4 of the Dungeon)

   It has been specially enchanted to burn those struck by it, causing extra
   injury to most foes and up to half again as much damage against particularly
   susceptible opponents.
   Big, fiery blades are also staple armaments of hydra-hunters.
   It protects you from fire.
   It greatly protects you from cold.
Missiles
 n - 9 javelins (quivered)
Armour
 c - a +0 shield (worn)
 m - a +1 plate armour (worn)
Jewellery
 h - a +1 ring of evasion (left hand)
Wands
 j - a wand of flame (22/48)
 p - a wand of lightning (15/15)
Scrolls
 b - 2 scrolls of amnesia
 e - 2 scrolls of enchant weapon
 f - a scroll of immolation {unknown}
 v - 3 scrolls of remove curse
 x - a scroll of identify
Potions
 i - 4 potions of lignification
 k - a potion of agility
 o - a potion of flight {unknown}
 q - 3 potions of curing {unknown}
 s - 2 potions of degeneration {unknown}
 t - a potion of haste {unknown}
 w - a potion of invisibility {unknown}
Comestibles
 g - 2 slices of pizza
 l - a royal jelly
 r - 3 bread rations


   Skills:
 + Level 5.4 Fighting
 + Level 5.1 Axes
 + Level 5.2 Armour
 + Level 3.9 Dodging
 + Level 5.1 Shields


You had 7 spell levels left.
You didn't know any spells.

Dungeon Overview and Level Annotations

Branches:
Dungeon (5/15)
 Temple: D:4-7

Altars:
Ashenzari
Cheibriados
Gozag
Nemelex Xobeh
Vehumet
Yredelemnul

Annotations:
D:5 Pikel; sveltemanboy's ghost, novice HOFi


Innate Abilities, Weirdness & Mutations

You have large cloven feet.
You have an unnaturally thin skeletal structure (Dex +6, Stealth++).
Your flesh is cold resistant.
You are immune to freezing clouds.


Message History

Sveltemanboy's ghost barely misses you.
Unknown command.
Unknown command.
You hit the worker ant. You burn the worker ant.
You kick the worker ant, but do no damage.
The worker ant is almost dead.
You hit sveltemanboy's ghost.
Sveltemanboy's ghost is moderately damaged.
The worker ant closely misses you.
You block sveltemanboy's ghost's attack.
The worker ant barely misses you.
You hit the worker ant. You burn the worker ant.
You kill the worker ant!
You hit sveltemanboy's ghost.
Sveltemanboy's ghost is moderately damaged.
You feel sick. Sveltemanboy's ghost hits you!
* * * LOW HITPOINT WARNING * * *
Unknown command.
Sveltemanboy's ghost hits you!
You die...

....<..........#.........'.....#.
...#.......#####.........#....##.
.)...............................
....................###..........
....................##....)......
.....######.........##........###
....... #.......######.########..
...#...##..........##..#.()#..#..
...#...##....(..@W.##..((..#[.###
....... .##...........(##[###'#..
....... #.............#..'.)).(
....... ...............#..#.###'
....... ...............#####)#...
....... .....#.........# #..#...
....... .....#.........# #..#...
....... ..............# ##.####
....... ............ #..


You could see sveltemanboy's ghost.

Vanquished Creatures
  Grinder (D:4)
  Prince Ribbit (D:5)
  2 phantoms
  An ice beast (D:4)
  2 centaurs (D:5)
  A giant frog (D:5)
  A scorpion (D:4)
  2 crimson imps (D:5)
  A quasit (D:5)
  A jelly (D:5)
  3 orc wizards
  2 hounds
  A giant frog skeleton (D:5)
  2 centaur skeletons (D:4)
  An iguana (D:5)
  2 worker ants
  6 gnolls (D:5)
  4 adders
  A shadow imp (D:5)
  A worm (D:5)
  3 dart slugs
  7 giant geckos
  18 orcs
  5 bats
  3 giant cockroaches
  14 goblins
  12 hobgoblins
  6 jackals
  2 quokkas
  A ball python (D:3)
  5 giant newts
  12 kobolds
  10 rats
  A spectral orc (D:2)
135 creatures vanquished.

Vanquished Creatures (others)
  A bat (D:3)
1 creature vanquished.

Grand Total: 136 creatures vanquished

Notes
Turn   | Place    | Note
--------------------------------------------------------------
     0 | D:1      | Scarto the Demonspawn Fighter began the quest for the Orb.
     0 | D:1      | Reached XP level 1. HP: 18/18 MP: 1/1
   166 | D:1      | Gained mutation: You have a somewhat thin skeletal structure (Dex +2, Stealth). [demonic ancestry]
   166 | D:1      | Reached XP level 2. HP: 20/24 MP: 2/2
   819 | D:2      | Reached XP level 3. HP: 29/29 MP: 3/3
  1060 | D:2      | Found a basalt altar of Yredelemnul.
  1391 | D:3      | Gained mutation: You have a moderately thin skeletal structure (Dex +4, Stealth+). [demonic ancestry]
  1391 | D:3      | Reached XP level 4. HP: 22/35 MP: 4/4
  1948 | D:3      | Noticed a phantom
  2071 | D:3      | Killed a phantom
  2071 | D:3      | Reached skill level 1 in Dodging
  2071 | D:3      | Gained mutation: Your flesh is cold resistant. [demonic ancestry]
  2071 | D:3      | Reached XP level 5. HP: 25/42 MP: 5/5
  2231 | D:3      | Found a radiant altar of Vehumet.
  2308 | D:3      | Found a shattered altar of Ashenzari.
  2586 | D:4      | Gained mutation: You are immune to freezing clouds. [demonic ancestry]
  2586 | D:4      | Reached XP level 6. HP: 18/48 MP: 6/6
  3271 | D:4      | Noticed an ice beast
  3296 | D:4      | Killed an ice beast
  3582 | D:4      | Found an opulent altar of Gozag.
  3583 | D:4      | Found a sparkling altar of Nemelex Xobeh.
  3629 | D:4      | Gained mutation: You have an unnaturally thin skeletal structure (Dex +6, Stealth++). [demonic ancestry]
  3629 | D:4      | Reached XP level 7. HP: 35/54 MP: 7/7
  3714 | D:4      | Got a scorched hand axe
  3715 | D:4      | Identified the +5 hand axe "Tarhahua" {flame, rF+ rC++} (You found it on level 4 of the Dungeon)
  3970 | D:5      | Entered Level 5 of the Dungeon
  3970 | D:5      | Noticed Grinder
  3974 | D:5      | Paralysed by Grinder for 2 turns
  3981 | D:5      | Paralysed by Grinder for 6 turns
  3988 | D:5      | Noticed sveltemanboy's ghost (novice HOFi)
  3996 | D:5      | Paralysed by Grinder for 5 turns
  4310 | D:4      | Killed Grinder
  4544 | D:5      | Reached skill level 5 in Fighting
  4551 | D:5      | Gained mutation: You have large cloven feet. [demonic ancestry]
  4551 | D:5      | Reached XP level 8. HP: 51/62 MP: 8/8
  4632 | D:5      | Noticed Prince Ribbit
  4641 | D:5      | Killed Prince Ribbit
  4697 | D:5      | Reached skill level 5 in Armour
  5052 | D:5      | Found a snail-covered altar of Cheibriados.
  5110 | D:5      | Reached skill level 5 in Axes
  5235 | D:5      | Reached skill level 5 in Shields
  5242 | D:5      | Noticed Pikel
  5542 | D:5      | Slain by sveltemanboy's ghost

Skill      XL: |  1  2  3  4  5  6  7  8 |
---------------+-------------------------+-----
Axes           | 2 3 4 5 |  5.1
Armour         | 3 4 5 |  5.2
Shields        | 3 4 5 |  5.1
Dodging        | 1 2 3 |  3.9
Fighting       | 4 5 |  5.4

Action                   |  1- 3 |  4- 6 |  7- 9 || total
-------------------------+-------+-------+-------++-------
Melee: War axe           |   111 |   105 |    18 ||   234
       Morningstar       |       |    62 |       ||    62
       Hand axe          |       |       |   179 ||   179
       Kick              |       |       |    44 ||    44
Throw: Javelin           |       |       |     1 ||     1
  Use: Scroll            |     4 |     5 |     4 ||    13
       Potion            |       |     2 |     2 ||     4
 Stab: Distracted        |       |       |     1 ||     1
  Eat: Bread ration      |     1 |     1 |       ||     2
       Pizza             |       |     1 |       ||     1
       Fruit             |       |       |     4 ||     4
Armor: Scale mail        |    49 |    18 |       ||    67
       Plate armour      |       |    59 |   106 ||   165
Dodge: Dodged            |    50 |    42 |    61 ||   153
Block: Shield            |    79 |    77 |   102 ||   258
